 Dungeon Crawl Stone Soup version 0.30.1-9-gdf580d7c3d (webtiles) character file.

Game seed: 9889220141327794125

27 Janerl the Chopper (level 3, 0/25 (30) HPs)
             Began as a Hill Orc Reaver on Oct 20, 2023.
             Succumbed to a goblin's poison
             ... on level 2 of the Dungeon.
             The game lasted 00:05:22 (1250 turns).

Janerl the Chopper (Hill Orc Reaver)                Turns: 1250, Time: 00:05:23

HP:   0/25 (30)     AC:  3    Str: 14    XL:     3   Next: 10%
MP:   4/5           EV: 11    Int: 15    God:
Gold: 59            SH:  0    Dex:  9    Spells: 4/5 levels left

rFire   . . .        a - +0 hand axe
rCold   . . .        (no shield)
rNeg    . . .        b - +0 leather armour
rPois   .            (no helmet)
rElec   .            (no cloak)
rCorr   .            (no gloves)
SInv    .            (no boots)
Will    .....        (no amulet)
Stlth   +            (no ring)
HPRegen 0.24/turn    (no ring)
MPRegen 0.09/turn

%: no passive effects
@: lethally poisoned (0 -> -10), heavily drained
A: no striking features
a: no special abilities


You were on level 2 of the Dungeon.
You visited 1 branch of the dungeon, and saw 2 of its levels.

You collected 59 gold pieces.

Inventory:

Hand Weapons
 a - a +0 hand axe (weapon)
Missiles
 e - 4 poisoned darts
Armour
 b - a +0 leather armour (worn)
Scrolls
 c - 2 scrolls of teleportation {unknown}
 d - a scroll of magic mapping {unknown}
 f - 3 scrolls of silence {unknown}
 h - a scroll of identify {unknown}
 i - a scroll of butterflies {unknown}


   Skills:
 + Level 2.5 Fighting
 + Level 4.8 Axes
 + Level 0.7 Armour
 + Level 1.7 Dodging
 + Level 1.6 Spellcasting
 + Level 3.2 Conjurations


You had 4 spell levels left.
You knew the following spells:

 Your Spells              Type           Power      Damage    Failure   Level
a - Kiss of Death         Conj/Necr      24%        2d7       16%         1

Your spell library contained the following spells:

 Spells                   Type           Power      Damage    Failure   Level
 Momentum Strike          Conj/Tloc      12%        3d8       22%         2
 Lesser Beckoning         Tloc           2%         N/A       41%         2
 Sublimation of Blood     Necr           1%         N/A       41%         2
 Wereblood                Tmut           1%         N/A       41%         2
 Hailstorm                Conj/Ice       6%         3d4       41%         3
 Gell's Gravitas          Tloc           1%         N/A       65%         3
 Teleport Other           Tloc           1%         N/A       65%         3
 Ice Form                 Ice/Tmut       1%         N/A       96%         4
 Simulacrum               Ice/Necr       0%         N/A       100%        6
 Summon Hydra             Summ           0%         N/A       100%        7


Dungeon Overview and Level Annotations

Branches:
Dungeon (2/15)

Altars:

Shops:
D:1 ?


Message History

Things that are here:
a scroll labelled HUSYH YTZAGETO; 9 gold pieces You barely miss the goblin.
The goblin hits you with a +2 dagger of venom.
You closely miss the goblin.
The goblin hits you with a +2 dagger of venom.
You are poisoned.
You hit the goblin.
The goblin is moderately wounded.
You hit the rat.
You kill the rat!
You feel very sick.
The goblin hits you with a +2 dagger of venom.
You closely miss the goblin.
The goblin is moderately wounded.
You feel sick.
The goblin hits you with a +2 dagger of venom.
You hit the goblin.
The goblin is severely wounded.
You feel sick.
The goblin hits you with a +2 dagger of venom.
You are lethally poisoned!
You barely miss the goblin.
The goblin is severely wounded.
* * * LOW HITPOINT WARNING * * *
You feel very sick.
The goblin hits you with a +2 dagger of venom.
* * * LOW HITPOINT WARNING * * *
Casting: Kiss of Death (safe; 16% risk of failure)
Confirm with . or Enter, or press ? or * to list all spells.
Aiming: Kiss of Death (safe; 16% risk of failure)
Press: ? - help, Shift-Dir - straight line, f - goblin
Aim: a goblin, wielding a +2 dagger of venom (severely wounded, 100% to hit)
The negative energy hits the goblin!
The goblin is drained!
You kill the goblin!
You feel drained.
* * * LOW HITPOINT WARNING * * *
You feel very sick.
It was a potion of cancellation.
You feel magically purged.
You die...

. #........#...........
.. #........#..........#
...#..................[#
...#...................
.....##................#
.....##.##........##.##.
........##.#......##....
.###.......#....#.##....
.......@...#............
####..†)..?#............
#........#............
#.....................
.......#.....##........
........#...............
.(......#....###........
..<.....#....# #........
#........


There were no monsters in sight!

Vanquished Creatures
  3 endoplasms
  3 goblins
  5 hobgoblins (D:1)
  A quokka (D:1)
  2 ball pythons (D:1)
  3 bats (D:1)
  A frilled lizard (D:1)
  A kobold (D:1)
  7 rats
26 creatures vanquished.

Notes
Turn   | Place    | Note
-------+----------+-------------------------------------------
     0 | D:1      | Janerl the Hill Orc Reaver began the quest for the Orb.
     0 | D:1      | Reached XP level 1. HP: 18/18 MP: 3/3
   188 | D:1      | Reached XP level 2. HP: 19/22 MP: 4/4
   472 | D:1      | Found The Oracle's Delphic Readings.
   851 | D:1      | Reached XP level 3. HP: 28/29 MP: 5/5
  1250 | D:2      | Succumbed to a goblin's poison

Illustrated notes

Levels and vault maps discovered:
D:1:      dpeg_arrival_signposts, layout_basic, nicolae_nh_oracle_at_delphi
D:2:      layout_basic, shapermc_ecumenical_altar_ellora

Action                     || total
---------------------------++-------
  Melee: Hand axe          ||    75
         Punch             ||     1
   Cast: Kiss of Death     ||     2
    Use: Potion            ||     1
 Armour: Leather armour    ||    24
  Dodge: Dodged            ||    45
